 Dungeon Crawl Stone Soup version 0.30.1-11-g7821555f0a (webtiles) character file.

Game seed: 9184146680238016054

261 andronian the Conjurer (level 5, -3/32 (38) HPs)
             Began as a Draconian Conjurer on Nov 28, 2023.
             Slain by Duvessa
             ... wielding a +0 short sword of draining
              (11 damage)
             ... on level 5 of the Dungeon.
             The game lasted 00:10:03 (4401 turns).

andronian the Conjurer (Draconian Conjurer)         Turns: 4401, Time: 00:10:04

HP:   -3/32 (38)    AC:  5    Str:  9    XL:     5   Next: 96%
MP:   2/12          EV: 12    Int: 21    God:
Gold: 197           SH:  0    Dex:  9    Spells: 9/13 levels left

rFire   . . .        h - +2 club
rCold   . . .        (no shield)
rNeg    . . .        (body armour unavailable)
rPois   .            (helmet restricted)
rElec   .            (no cloak)
rCorr   .            (no gloves)
SInv    .            (no boots)
Will    .....        o - amulet of regeneration
Stlth   ++           (no ring)
HPRegen 1.05/turn    (no ring)
MPRegen 0.13/turn

%: no passive effects
@: heavily drained
A: AC +5, unfitting armour, cold-blooded
a: no special abilities


You were on level 5 of the Dungeon.
You visited 1 branch of the dungeon, and saw 5 of its levels.

You collected 197 gold pieces.

Inventory:

Hand Weapons
 f - a +1 dagger
 h - a +2 club (weapon)
Missiles
 i - 10 poisoned darts
Armour
 e - a +0 buckler
Jewellery
 a - an amulet of faith
 g - a ring of protection from fire
 j - an amulet of guardian spirit
 o - an amulet of regeneration (around neck)
 q - a ring of see invisible
Scrolls
 b - a scroll of vulnerability
 c - 3 scrolls of immolation
 d - 2 scrolls of fear {unknown}
 l - 2 scrolls of identify {unknown}
 m - a scroll of amnesia {unknown}
 p - a scroll of enchant armour {unknown}
 r - a scroll of noise {unknown}
 s - a scroll of blinking {unknown}
Potions
 k - a potion of heal wounds
 n - 2 potions of resistance {unknown}
 t - 2 potions of degeneration {unknown}
 u - 2 potions of lignification {unknown}
 v - a potion of flight


   Skills:
 - Level 2.0 Dodging
 - Level 2.1 Stealth
 * Level 4.6 Spellcasting
 + Level 5.2 Conjurations


You had 9 spell levels left.
You knew the following spells:

 Your Spells              Type           Power      Damage    Failure   Level
a - Magic Dart            Conj           100%       1d8       1%          1
b - Searing Ray           Conj           52%        2d6       1%          2
c - Foxfire               Conj/Fire      60%        2x1d7     3%          1

Your spell library contained the following spells:

 Spells                   Type           Power      Damage    Failure   Level
 Summon Small Mammal      Summ           16%        N/A       11%         1
 Dazzling Flash           Conj/Hex       30%        N/A       12%         3
 Call Canine Familiar     Summ           4%         N/A       32%         3
 Summon Guardian Golem    Hex/Summ       4%         N/A       32%         3
 Vhi's Electric Charge    Tloc/Air       8%         N/A       32%         3
 Fulminant Prism          Conj/Hex       7%         3d6       36%         4
 Iskenderun's Mystic Bla  Conj/Tloc      15%        2d5       36%         4
 Arcjolt                  Conj/Air       7%         1d17      71%         5
 Fireball                 Conj/Fire      7%         3d5       71%         5
 Starburst                Conj/Fire      7%         6d4       99%         6
 Plasma Beam              Fire/Air       2%         2x1d13    100%        6
 Maxwell's Capacitive Co  Air            2%         ∞         100%        8


Dungeon Overview and Level Annotations

Branches:
Dungeon (5/15)
 Temple: D:4-7

Altars:
Cheibriados
Elyvilon
Fedhas
Uskayaw

Annotations:
D:5 Duvessa


Innate Abilities, Weirdness & Mutations

Your plain brown scales are hard. (AC +5)
You cannot fit into any form of body armour.
You are cold-blooded and may be slowed by cold attacks.


Message History

The puff of flame hits you.
You feel sick.
You barely miss Dowan.
Dowan is almost dead.
You feel sick.
Dowan casts a spell.
Dowan blinks!
Aiming: Magic Dart (safe; 1% risk of failure)
Press: ? - help, Q - select action, (/) - cycle Shift-Dir - straight line, f/p - Dowan
Aim: Dowan, wielding a +3 dagger of venom and wearing a +0 robe (almost dead, 100% to hit)
The magic dart hits Dowan!
You kill Dowan!
Duvessa screams in rage.
Duvessa goes berserk!
You feel sick.
You are no longer poisoned.
Duvessa misses you.
Duvessa hits you with a +0 short sword of draining.
You feel drained. Duvessa attacks as you move away!
Duvessa hits you but does no damage.
You feel drained. Duvessa completely misses you.
Duvessa hits you but does no damage.
You feel drained. Duvessa attacks as you move away!
Duvessa hits you with a +0 short sword of draining.
You feel drained.
Duvessa rages.
Duvessa closely misses you.
There is a stone staircase leading down here.
You can't go up here!
Duvessa closely misses you.
Duvessa hits you with a +0 short sword of draining!
You feel drained.
* * * LOW HITPOINT WARNING * * *
You climb downwards.
Found a stone staircase leading up.
There is a stone staircase leading up here.
Duvessa attacks as you move away!
Duvessa hits you with a +0 short sword of draining!
You die...

### .. .#
##e######
#@.......
#...........
#.##........
# ....<....
.........
#.........
#.........
##.#...###


You could see Duvessa (berserk).

Vanquished Creatures
  Dowan (D:4)
  Crazy Yiuf (D:2)
  Jessica (D:2)
  Ijyb (D:4)
  An orc wizard (D:4)
  3 adders
  2 worms
  2 dart slugs (D:1)
  An orc (D:3)
  3 bats
  2 endoplasms
  2 giant cockroaches
  9 goblins
  10 hobgoblins
  3 jackals
  11 kobolds
  4 quokkas
  7 ball pythons
  4 frilled lizards
  3 rats
71 creatures vanquished.

Vanquished Creatures (others)
  4 foxfires (D:2)
4 creatures vanquished.

Grand Total: 75 creatures vanquished

Notes
Turn   | Place    | Note
-------+----------+-------------------------------------------
     0 | D:1      | andronian the Draconian Conjurer began the quest for the
                  | Orb.
     0 | D:1      | Reached XP level 1. HP: 14/14 MP: 3/3
   301 | D:1      | Reached XP level 2. HP: 18/20 MP: 5/5
   786 | D:1      | Found a faded altar of an unknown god.
  1262 | D:2      | Reached XP level 3. HP: 26/26 MP: 2/6
  1611 | D:2      | Noticed Jessica
  2028 | D:2      | Killed Jessica
  2029 | D:2      | Reached XP level 4. HP: 33/33 MP: 5/9
  2250 | D:2      | Learned a level 2 spell: Searing Ray
  2252 | D:2      | Learned a level 1 spell: Foxfire
  2310 | D:2      | Found a runed translucent door.
  2311 | D:2      | Noticed Crazy Yiuf
  2523 | D:2      | Killed Crazy Yiuf
  2902 | D:3      | You fall into a shaft and drop 1 floor!
  2927 | D:4      | Found a white marble altar of Elyvilon.
  2928 | D:4      | Found a hide-covered altar of Uskayaw.
  3449 | D:3      | Reached XP level 5. HP: 38/38 MP: 6/10
  3623 | D:3      | Found a blossoming altar of Fedhas.
  3895 | D:4      | Noticed Ijyb
  3999 | D:4      | Killed Ijyb
  4137 | D:4      | Found a snail-covered altar of Cheibriados.
  4255 | D:4      | Reached skill level 5 in Conjurations
  4366 | D:4      | Noticed Dowan
  4386 | D:4      | Noticed Duvessa
  4390 | D:4      | Killed Dowan
  4400 | D:5      | Entered Level 5 of the Dungeon
  4401 | D:5      | Slain by Duvessa

Illustrated notes

Levels and vault maps discovered:
D:1:      dpeg_arrival_three_same_balls, layout_basic,
          hellmonk_ecumenical_altar_blasted, minmay_tromino_v4_c
D:2:      layout_basic, serial_curves, eino_curves_01, eino_curves_04,
          uniq_jessica, uniq_crazy_yiuf_cottage
D:3:      layout_basic, fedhas_altar_2, minmay_quantized
D:4:      minmay_razor_zed, layout_rooms, kennysheep_mini, jmf_multi_god_temple,
          minmay_temple_entry_trees, minmay_starry_boxes, uniq_duvessa,
          uniq_ijyb
D:5:      layout_rooms, led_xom_imps, grunt_temple_overflow_diamond,
          serial_shops, shop_statue

Skill      XL: |  1  2  3  4  5 |
---------------+----------------+-----
Dodging        | 2 |  2.0
Stealth        | 2 |  2.1
Spellcasting   | 3 4 |  4.6
Conjurations   | 5 |  5.2

Action                     |  1- 3 |  4- 6 || total
---------------------------+-------+-------++-------
  Melee: Unarmed           |     5 |       ||     5
         Tailslap          |     3 |     2 ||     5
         Dagger            |     9 |    42 ||    51
         Club              |       |    11 ||    11
         Punch             |       |     1 ||     1
   Cast: Magic Dart        |    82 |    59 ||   141
         Searing Ray       |       |    12 ||    12
         Foxfire           |       |     2 ||     2
    Use: Potion            |     1 |     4 ||     5
         Scroll            |     3 |       ||     3
 Armour: Skin              |    16 |    27 ||    43
  Dodge: Dodged            |    29 |    33 ||    62
